 Dungeon Crawl Stone Soup version 0.24.0 (webtiles) character file.

Game seed: 12070066071059944184, levelgen mode: deterministic

4305 rudestrubik the Covert (level 10, -4/55 HPs)
             Began as a Vampire Assassin on Mar 18, 2020.
             Was a Believer of Dithmenos.
             Slain by a green ugly thing (6 damage)
             ... on level 9 of the Dungeon.
             The game lasted 00:51:39 (9429 turns).

rudestrubik the Covert (Vampire Assassin)           Turns: 9429, Time: 00:51:40

Health: -4/55      AC:  5    Str: 10    XL:     10   Next: 11%
Magic:  16/16      EV: 17    Int: 16    God:    Dithmenos [**....]
Gold:   433        SH:  0    Dex: 17    Spells: 12/17 levels left

rFire    . . .     SeeInvis +   D - +3 dagger
rCold    + + .     Gourm    .   (no shield)
rNeg     + + +     Faith    .   p - +1 animal skin
rPois    ∞         Spirit   .   (no helmet)
rElec    .         Reflect  .   c - +0 cloak
rCorr    .         Harm     .   l - +0 pair of gloves
MR       +....                  (no boots)
Stlth    +++++++++.             (no amulet)
HPRegen  0.00/turn              (no ring)
MPRegen  0.15/turn              (no ring)

@: confusing touch, bloodless, regenerating quickly, wreathed by umbra
A: no food, fangs 3, see invisible, unbreathing
a: Bat Form, Revivify, Shadow Step, Renounce Religion


You were on level 9 of the Dungeon.
You worshipped Dithmenos.
Dithmenos was pleased with you.
You were bloodless.

You visited 2 branches of the dungeon, and saw 10 of its levels.

You collected 433 gold pieces.

Inventory:

Hand Weapons
 a - a +2 dagger
 q - a +3 hunting sling
 D - a +3 dagger (weapon)
Missiles
 d - 42 poisoned darts (quivered)
 e - 2 curare-tipped darts
 t - 254 stones
Armour
 b - a +0 robe
 c - a +0 cloak (worn)
 l - a +0 pair of gloves (worn)
 p - a +1 animal skin (worn)
Jewellery
 F - an uncursed amulet of guardian spirit {unknown}
Wands
 C - a wand of polymorph (8)
 E - a wand of paralysis (7)
Scrolls
 f - 2 scrolls of immolation
 m - 2 scrolls of magic mapping
 r - a scroll of enchant armour {unknown}
 s - 3 scrolls of enchant weapon
 v - 2 scrolls of amnesia {unknown}
 y - 4 scrolls of remove curse {unknown}
 A - 3 scrolls of blinking {unknown}
 B - a scroll of fear {unknown}
 G - a scroll of summoning {unknown}
 H - a scroll of fog {unknown}
Potions
 g - 4 potions of berserk rage
 i - a potion of curing
 j - 2 potions of invisibility {unknown}
 k - 3 potions of flight {unknown}
 n - 3 potions of lignification {unknown}
 o - a potion of brilliance {unknown}
 u - a potion of resistance {unknown}
 w - 2 potions of cancellation {unknown}
 x - a potion of degeneration {unknown}
 z - a potion of magic {unknown}


   Skills:
 - Level 2.8 Fighting
 + Level 5.8 Short Blades
 - Level 2.3 Throwing
 + Level 7.0 Dodging
 + Level 13.3 Stealth
 - Level 4.4 Spellcasting
 - Level 7.3 Hexes
 - Level 2.4 Necromancy
 * Level 1.2 Invocations
 * Level 2.6 Evocations


You had 12 spell levels left.
You knew the following spells:

 Your Spells              Type           Power        Failure   Level  Hunger
a - Confusing Touch       Hex            ####..       1%          1    N/A
b - Confuse               Hex            ####....     2%          3    N/A
c - Animate Skeleton      Necr           N/A          6%          1    N/A

Your spell library contained the following spells:

 Spells                   Type           Power        Failure   Level  Hunger
 Apportation              Tloc           #.....       16%         1    N/A
 Summon Small Mammal      Summ           #...         16%         1    N/A
 Gell's Gravitas          Tloc           #.........   43%         3    N/A
 Metabolic Englaciation   Hex/Ice        ###.......   69%         5    N/A
 Yara's Violent Unravell  Hex/Tmut       ###.......   69%         5    N/A
 Petrify                  Tmut/Erth      #.......     85%         4    N/A

Dungeon Overview and Level Annotations

Branches:
Dungeon (9/15)             Temple (1/1) D:5            Lair (0/6) D:8
    Orc: D:9-12

Altars:
Ashenzari
Cheibriados
Dithmenos
Elyvilon
Fedhas
Gozag
Hepliaklqana
Kikubaaqudgha
Makhleb
Nemelex Xobeh
Okawaru
Qazlal
Ru
Sif Muna
Trog
Uskayaw
Vehumet
Wu Jian
Xom
Yredelemnul
Zin
The Shining One

Shops:
D:4 *

Annotations:
D:7 1 runed translucent door, 1 transporter, Crazy Yiuf


Innate Abilities, Weirdness & Mutations

You do not eat.
You do not regenerate when monsters are visible.
You are frail without blood (-20% HP).
You can heal yourself when you bite living creatures.
You are immune to poison.
You have razor-sharp teeth.
You have supernaturally acute eyesight. (SInv)
You can survive without breathing.


Message History

The green ugly thing is severely wounded.
The green ugly thing misses you.
Casting: Confusing Touch (safe; 1% risk of failure)
Confirm with . or Enter, or press ? or * to list all spells.
Your hands begin to glow red.
The green ugly thing tail-slaps you!
You completely miss the green ugly thing.
The green ugly thing is severely wounded.
You hit the green ugly thing but do no damage.
The green ugly thing is severely wounded.
The green ugly thing tail-slaps you!
* * * LOW HITPOINT WARNING * * *
You hit the green ugly thing but do no damage.
The green ugly thing is severely wounded.
The green ugly thing tail-slaps you.
* * * LOW HITPOINT WARNING * * *
Okay, then.
Okay, then.
There is an open door here.
The green ugly thing tail-slaps you.
You die...

### # # #### ...###
#####+###### ...†.#
#..........# ...#.######+###
###..........#
...#.#........###.'..........#
...#.#....[...#.@u#..........#
...#.'........'.###.........>+
...###........### #..........#
#### ########## ############


You could see a green ugly thing.

Vanquished Creatures
  Joseph (D:7)
  A hippogriff (D:6)
  Edmund (D:6)
  3 wargs (D:8)
  A water moccasin (D:6)
  An ice beast (D:7)
  An orc warrior (D:8)
  2 sky beasts (D:8)
  A black bear (D:6)
  2 phantoms
  6 ogres
  4 centaurs
  Blork the orc (D:6)
  4 bullfrogs
  2 scorpions
  3 wights (D:9)
  A crimson imp (D:8)
  2 centaur zombies
  2 bullfrog zombies
  5 orc priests
  3 jellies
  A centaur skeleton (D:4)
  2 hounds
  2 iguanas
  12 orc wizards
  3 worker ants
  A killer bee zombie (D:6)
  Robin (D:2)
  11 adders
  8 gnolls
  2 shadow imps
  An adder zombie (D:6)
  An adder skeleton (D:5)
  3 worms
  3 dart slugs
  A leopard gecko (D:6)
  29 orcs
  4 giant cockroaches
  13 goblins
  6 hobgoblins
  3 jackals (D:2)
  5 kobolds
  3 quokkas (D:6)
  3 ball pythons
  4 bats
  4 frilled lizards
  A jackal zombie (D:8)
  5 rats
179 creatures vanquished.

Vanquished Creatures (collateral kills)
  A bullfrog (D:8)
1 creature vanquished.

Vanquished Creatures (others)
  A quokka (D:8)
1 creature vanquished.

Grand Total: 181 creatures vanquished

Notes
Turn   | Place    | Note
-------+----------+-------------------------------------------
     0 | D:1      | rudestrubik the Vampire Assassin began the quest for the
                  | Orb.
     0 | D:1      | Reached XP level 1. HP: 16/16 MP: 1/1
    66 | D:1      | Reached skill level 6 in Stealth
   205 | D:1      | Reached XP level 2. HP: 21/22 MP: 2/2
   719 | D:2      | Reached skill level 7 in Stealth
   719 | D:2      | Reached XP level 3. HP: 22/27 MP: 3/3
  1253 | D:2      | Reached XP level 4. HP: 33/33 MP: 4/4
  1311 | D:2      | Noticed Robin
  1345 | D:2      | Killed Robin
  1783 | D:2      | Reached XP level 5. HP: 35/38 MP: 5/5
  1963 | D:3      | Found a bloodstained altar of Trog.
  1995 | D:3      | Found a stormy altar of Qazlal.
  2107 | D:3      | Noticed an ogre
  2123 | D:3      | Killed an ogre
  2123 | D:3      | Reached skill level 8 in Stealth
  2538 | D:4      | Found Ryjaf's Assorted Antiques.
  2788 | D:4      | Noticed a phantom
  2905 | D:4      | Noticed an ogre
  3055 | D:4      | Killed an ogre
  3055 | D:4      | Reached XP level 6. HP: 46/46 MP: 6/6
  3177 | D:4      | Reached skill level 9 in Stealth
  3232 | D:5      | Entered Level 5 of the Dungeon
  3513 | D:6      | Learned a level 1 spell: Confusing Touch
  3714 | D:5      | Found a staircase to the Ecumenical Temple.
  3721 | Temple   | Entered the Ecumenical Temple
  3775 | Temple   | Became a worshipper of Dithmenos the Shadowed
  3839 | D:6      | Reached skill level 1 in Hexes
  3870 | D:6      | Noticed Blork the orc
  3893 | D:6      | Killed Blork the orc
  3893 | D:6      | Reached XP level 7. HP: 51/51 MP: 7/7
  4006 | D:6      | Reached skill level 10 in Stealth
  4953 | D:5      | Reached skill level 5 in Hexes
  5027 | D:5      | Learned a level 3 spell: Confuse
  5279 | D:5      | Reached * piety under Dithmenos
  5331 | D:5      | Reached skill level 1 in Spellcasting
  5331 | D:5      | Reached XP level 8. HP: 40/57 MP: 7/9
  5585 | D:6      | Noticed Edmund
  5600 | D:6      | Reached skill level 5 in Dodging
  5646 | D:6      | Killed Edmund
  6311 | D:7      | Noticed a hippogriff
  6420 | D:7      | Found a hazy altar of Hepliaklqana.
  6422 | D:7      | Found an opulent altar of Gozag.
  6423 | D:7      | Found a basalt altar of Yredelemnul.
  6425 | D:7      | Found an iron altar of Okawaru.
  6488 | D:7      | Found a runed translucent door.
  6489 | D:7      | Noticed Crazy Yiuf
  6700 | D:7      | Noticed Joseph
  6733 | D:7      | Found a transporter.
  6738 | D:7      | Noticed a two-headed ogre
  6981 | D:6      | Killed a hippogriff
  6981 | D:6      | Reached skill level 11 in Stealth
  6981 | D:6      | Reached XP level 9. HP: 30/62 MP: 12/14
  7106 | D:7      | Killed Joseph
  7206 | D:7      | Found a glowing golden altar of the Shining One.
  7346 | D:7      | Noticed a troll
  7511 | D:7      | Learned a level 1 spell: Animate Skeleton
  7820 | D:8      | Found a white marble altar of Elyvilon.
  7848 | D:8      | Reached skill level 5 in Short Blades
  7969 | D:8      | Found a staircase to the Lair.
  7991 | D:8      | Reached skill level 12 in Stealth
  7991 | D:8      | Reached skill level 1 in Necromancy
  7991 | D:8      | Reached skill level 1 in Evocations
  8099 | D:8      | Reached ** piety under Dithmenos
  8099 | D:8      | HP: 3/62 [orc priest/divine providence (15)]
  8889 | D:8      | Reached skill level 13 in Stealth
  9074 | D:8      | Found an ornate altar of the Wu Jian Council.
  9090 | D:8      | Reached XP level 10. HP: 55/55 MP: 16/16
  9117 | D:8      | Reached skill level 1 in Invocations
  9387 | D:9      | Noticed a green ugly thing
  9419 | D:9      | HP: 2/55 [green ugly thing (4)]
  9429 | D:9      | Slain by a green ugly thing

Levels and vault maps discovered:
D:1:      grunt_arrival_crossed_arrows, layout_loops_ring
D:2:      layout_loops_corners, first_ration, uniq_robin
D:3:      layout_loops_ring, lightli_temple_of_fire, lemuel_round_altar
D:4:      layout_rooms, serial_shops, shop
D:5:      layout_gridville, minmay_temple_entry_from_below_a
D:6:      layout_basic, glass_columns_c, kennysheep_decorative_pillar,
          lemuel_another_geyser, uniq_edmund, uniq_blork_the_orc
D:7:      gammafunk_beogh_shrine, layout_cave_pools,
          nicolae_tso_carved_into_rock, minitemple, uniq_crazy_yiuf_cottage,
          uniq_joseph
D:8:      layout_cave_pods, elyvilon_altar_4, nicolae_overflow_crystal_walls,
          erik_lair_orcish_takeover
D:9:      layout_roguey, serial_shops, shop_coins, hangedman_fish_farm,
          dk_vineyard_2
Temple:   dshaligram_water_room_temple
